 Dungeon Crawl Stone Soup version 0.15-a0-1632-gd490d05 (webtiles) character file.

1066 Kenran the Basher (level 8, -4/46 HPs)
             Began as a Gargoyle Fighter on June 21, 2014.
             Slain by an orc warrior
             ... wielding a +0 halberd
              (18 damage)
             ... on Level 6 of the Dungeon.
             The game lasted 00:17:24 (4817 turns).

Kenran the Basher (Gargoyle Fighter)                Turns: 4817, Time: 00:17:24

HP  -4/46        AC 13     Str 20      XL: 8   Next: 28%
MP   8/8         EV  7     Int  6      God:
Gold 163         SH 10     Dex 11      Spells:  0 memorised,  7 levels left

rFire  . . .     SeeInvis .     t - +0 morningstar
rCold  . . .     Clarity  .     b - +0 scale mail
rNeg   + . .     rCorr    .     c - +1 shield
rPois  +         rRot     +     (no helmet)
rElec  +         Spirit   .     (no cloak)
SustAb .         Warding  .     q - +0 pair of gloves
rMut   .         Stasis   .     (no boots)
Gourm  .                        (no amulet)
MR     .....                    g - -3 ring of intelligence
                                y - +1 ring of evasion

@: not resistant to hostile enchantments, extremely unstealthy
A: life protection 1, electricity resistance, unbreathing, petrification
resistance, rot immunity, AC +5
a: no special abilities


You were on level 6 of the Dungeon.
You were not hungry.

You visited 1 branch of the dungeon, and saw 6 of its levels.

You collected 218 gold pieces.
You spent 55 gold pieces at shops.

Inventory:

Hand weapons
 a - a +0 flail
 t - a +0 morningstar (weapon)
Armour
 b - a +0 scale mail (worn)
 c - a +1 shield (worn)
 q - a +0 pair of gloves (worn)
Magical devices
 d - a wand of magic darts (17) {unknown}
 u - a wand of enslavement (9) {unknown}
Comestibles
 w - 2 bread rations
 x - a royal jelly
Scrolls
 f - 2 scrolls of recharging
Jewellery
 g - a -3 ring of intelligence (right hand)
 j - an uncursed ring of see invisible
 l - a cursed -3 ring of intelligence
 m - an uncursed ring of teleportation
 y - a +1 ring of evasion (left hand)
 B - an uncursed ring of flight
Potions
 e - a potion of might
 i - 2 potions of flight {unknown}
 k - a potion of invisibility
 n - a potion of magic {unknown}
 o - 2 potions of heal wounds {unknown}
 p - a potion of confusion {unknown}
 r - a potion of restore abilities {unknown}
 s - a potion of agility {unknown}
 v - 2 potions of lignification {unknown}
 z - a potion of berserk rage {unknown}
 C - a potion of paralysis {unknown}
 D - a potion of porridge


   Skills:
 - Level 3.2 Fighting
 + Level 9.6 Maces & Flails
 - Level 3.2 Armour
 - Level 3.2 Shields


You had 7 spell levels left.
You didn't know any spells.

Dungeon Overview and Level Annotations

Branches:
Dungeon (6/15)
 Temple: D:4-7

Altars:
Xom

Shops:
D:4 %


Innate Abilities, Weirdness & Mutations

You are resistant to torment.
You are immune to poison.
Your stone body is very resilient (AC +5).
You resist negative energy.
You are resistant to electric shocks.
You can survive without breathing.
You are immune to petrification.
You are immune to rotting.


Message History

The orc warrior is moderately wounded.
You block the orc's attack. The orc warrior barely misses you.
You thump the orc warrior!
The orc warrior is heavily wounded.
The orc hits you but does no damage. You block the orc warrior's attack.
You closely miss the orc warrior.
The orc warrior is heavily wounded.
The orc barely misses you.
You closely miss the orc warrior.
The orc warrior is heavily wounded.
The orc warrior hits you with a halberd.
You block the orc's attack.
You sock the orc warrior!
The orc warrior is almost dead.
The orc warrior hits you with a halberd.
The orc hits you but does no damage.
You barely miss the orc warrior.
The orc warrior is almost dead.
The orc warrior hits you with a halberd!!
You die...

##..).......###
#.........###
#........##
#......###
##.....##
#.....##
#....## ##o.##
##@### #..o.###
##.....###
#....>..###
####......###
#####....#####
####.....##
###..... ###...


You could see an orc warrior and an orc.

Vanquished Creatures
  A sky beast (D:5)
  2 ogres (D:4)
  A centaur (D:6)
  2 giant frogs (D:6)
  A scorpion (D:6)
  A crimson imp (D:5)
  An orc priest (D:4)
  A giant frog skeleton (D:4)
  A hound (D:4)
  2 iguanas
  3 orc wizards
  Natasha (D:5)
  4 worker ants
  Ijyb (D:4)
  5 adders
  6 gnolls
  A shadow imp (D:6)
  2 worms
  2 orc zombies
  8 giant geckos
  2 oozes
  8 orcs
  3 ball pythons
  3 giant cockroaches
  10 goblins
  10 hobgoblins
  3 jackals (D:1)
  9 kobolds
  A quokka (D:3)
  8 bats
  2 giant newts
  A kobold zombie (D:6)
  A quokka skeleton (D:4)
  11 rats
118 creatures vanquished.

Vanquished Creatures (others)
  A hound (D:6)
  A giant gecko (D:6)
  An orc (D:6)
  5 toadstools (D:1)
8 creatures vanquished.

Grand Total: 126 creatures vanquished

Notes
Turn   | Place    | Note
--------------------------------------------------------------
     0 | D:1      | Kenran, the Gargoyle Fighter, began the quest for the Orb.
     0 | D:1      | Reached XP level 1. HP: 14/14 MP: 1/1
   352 | D:1      | Reached XP level 2. HP: 19/19 MP: 2/2
   743 | D:1      | Reached XP level 3. HP: 23/23 MP: 3/3
  1007 | D:1      | Reached skill level 4 in Maces & Flails
  1114 | D:2      | Reached XP level 4. HP: 24/28 MP: 4/4
  2236 | D:4      | Reached skill level 5 in Maces & Flails
  2236 | D:4      | Reached XP level 5. HP: 32/32 MP: 5/5
  2242 | D:4      | Noticed an ogre
  2628 | D:4      | Noticed Ijyb
  2644 | D:4      | Killed Ijyb
  2734 | D:4      | Found Zeagariz's Food Emporium.
  2760 | D:4      | Bought a bread ration for 55 gold pieces
  2782 | D:4      | Reached skill level 6 in Maces & Flails
  2823 | D:4      | Reached XP level 6. HP: 33/37 MP: 6/6
  3057 | D:4      | Reached skill level 7 in Maces & Flails
  3125 | D:4      | Killed an ogre
  3125 | D:4      | Reached XP level 7. HP: 7/41 MP: 7/7
  3400 | D:5      | Entered Level 5 of the Dungeon
  3546 | D:5      | Reached skill level 8 in Maces & Flails
  4128 | D:5      | Noticed Natasha
  4135 | D:5      | Killed Natasha
  4335 | D:6      | Reached skill level 9 in Maces & Flails
  4335 | D:6      | Reached XP level 8. HP: 40/46 MP: 8/8
  4539 | D:6      | Found a shimmering altar of Xom.
  4817 | D:6      | Slain by an orc warrior

Action                   |  1- 3 |  4- 6 |  7- 9 || total
-------------------------+-------+-------+-------++-------
Melee: Flail             |    99 |   221 |    10 ||   330
       Morningstar       |       |       |   149 ||   149
  Use: Scroll            |     3 |     5 |     5 ||    13
       Potion            |       |       |     7 ||     7
 Stab: Confused          |       |       |     1 ||     1
